 Seeded DCSS version 0.29-a0-350-g7790a0e70a (webtiles) character file.

Game seed: 7774103814747607012 (custom seed)

14 zeratav the Ruffian (level 2, -1/25 HPs)
             Began as a Naga Transmuter on Apr 22, 2022.
             Slain by a jackal (2 damage)
             ... on level 1 of the Dungeon.
             The game lasted 00:00:56 (1055 turns).

zeratav the Ruffian (Naga Transmuter)               Turns: 1055, Time: 00:00:57

Health: -1/25      AC:  1    Str: 12    XL:     2   Next: 45%
Magic:  5/5        EV:  9    Int: 13    God:
Gold:   60         SH:  0    Dex: 11    Spells: 4/5 levels left

rFire   . . .      SeeInvis +   d - +0 whip {mace}
rCold   . . .      Faith    .   (no shield)
rNeg    . . .      Spirit   .   a - +0 robe
rPois   +          Reflect  .   (no helmet)
rElec   .          Harm     .   (no cloak)
rCorr   .          Rampage  .   (no gloves)
Will    .....                   (no barding)
Stlth   +.........              (no amulet)
HPRegen 0.08/turn               (no ring)
MPRegen 0.09/turn               (no ring)

@: very slow
A: AC +0, large, see invisible, deformed body, poison resistance, slowness 2,
spit poison 1, naga tail 1
a: Spit Poison


You were on level 1 of the Dungeon.
You visited 1 branch of the dungeon, and saw 1 of its levels.

You collected 60 gold pieces.


Innate Abilities, Weirdness & Mutations

Your serpentine skin is tough. (AC +0)
You have supernaturally acute eyesight. (SInv)
Armour fits poorly on your strangely shaped body.
Your system is resistant to poisons. (rPois)
You cover ground very slowly.
You can spit poison.
You have a snake-like lower body.


   Skills:
 - Level 1.0 Fighting
 - Level 1.5 Dodging
 + Level 3.8 Unarmed Combat
 - Level 2.0 Spellcasting
 - Level 2.0 Transmutations


You had 4 spell levels left.
You knew the following spells:

 Your Spells              Type           Power      Damage    Failure   Level
a - Beastly Appendage     Tmut           12%        N/A       11%         1

Your spell library contained the following spells:

 Spells                   Type           Power      Damage    Failure   Level
 Wereblood                Tmut           6%         N/A       17%         2
 Spider Form              Tmut/Pois      3%         N/A       45%         3
 Ice Form                 Ice/Tmut       3%         N/A       86%         4

Inventory:

Hand Weapons
 d - a +0 whip (weapon) {mace}
   (You took it off a kobold on level 1 of the Dungeon)
Armour
 a - a +0 robe (worn)
 f - a +0 leather armour
   (You found it on level 1 of the Dungeon)
 g - a +0 ring mail
   (You found it on level 1 of the Dungeon)
Scrolls
 c - a scroll of fog {unknown}
 e - a scroll of magic mapping {unknown}
 h - a scroll of immolation {unknown}
Potions
 b - a potion of lignification {!q}

Dungeon Overview and Level Annotations

Branches:
Dungeon (1/15)

Altars:

.... .... # .... #. ....
#.##### .### #.....#
#.....#
###.....##################
...>...gh@................
#.#....##################
#....#
#......#############
....?....##..........#
..##.....##..........# .
.......##..........#
..#.....##..........#
...#.###.##..........#


You could see a jackal and a goblin.


Message History

You kill the goblin!
No target in view!
No target in view!
No target in view!
No target in view!
No target in view!
No target in view!
No target in view!
No target in view!
No target in view!
No target in view!
No target in view!
No target in view!
No target in view!
No target in view!
No target in view!
No target in view!
You now have 39 gold pieces (gained 8).
f - a +0 leather armour You now have 47 gold pieces (gained 8).
You now have 60 gold pieces (gained 13).
g - a +0 ring mail A rat comes into view.
HP[+1]
Your hp is fully restored (25).
Found a faded altar of an unknown god.
The rat closely misses you.
You closely miss the rat. Your punch misses the rat. The rat barely misses you.
You closely miss the rat. The rat misses you.
You hit the rat.
You kill the rat!
No target in view!
No target in view!
No target in view!
No target in view!
No target in view!
No target in view!
No target in view!
No target in view!
No target in view!
No target in view!
No target in view!
No target in view!
No target in view!
No target in view!
h - a scroll labelled OMUPONUEPN You open the door.
There is an open door here.
There is an open door here.
Found a stone staircase leading down.
A jackal comes into view.
A jackal comes into view.
The jackal barks! x2
A jackal comes into view.
The jackal barks!
The jackal bites you.
HP[-3]
You take 3 damage, and now have 22/25 hp.
The jackal misses you.
You closely miss the jackal. The jackal bites you.
HP[-1]
You take 1 damage, and now have 21/25 hp.
You hit the jackal.
You kill the jackal!
You hit the jackal but do no damage. The jackal bites you.
A goblin comes into view. It is wielding a +0 dagger.
The jackal bites you but does no damage.
HP[-2]
You take 2 damage, and now have 19/25 hp.
You barely miss the jackal. The jackal closely misses you.
You hit the jackal.
You kill the jackal!
You hit the jackal. The jackal closely misses you.
The jackal bites you but does no damage.
You barely miss the jackal. The jackal bites you.
You closely miss the jackal. Your punch misses the jackal.
The jackal bites you. x2
HP[-4]
You take 4 damage, and now have 15/25 hp.
You barely miss the jackal. The jackal bites you.
HP[-2]
You take 2 damage, and now have 13/25 hp.
You closely miss the jackal. The jackal barely misses you.
The jackal misses you.
You closely miss the jackal. The jackal barely misses you.
You closely miss the jackal. The jackal bites you.
* * * LOW HITPOINT WARNING * * *
The jackal bites you.
* * * LOW HITPOINT WARNING * * *
You hit the jackal but do no damage. The jackal bites you.
* * * LOW HITPOINT WARNING * * *
The jackal bites you.
* * * LOW HITPOINT WARNING * * *
You barely miss the jackal. The jackal barely misses you.
You closely miss the jackal. The jackal barely misses you.
The jackal bites you.
* * * LOW HITPOINT WARNING * * *
You completely miss the jackal.
The jackal bites you but does no damage.
You hit the jackal. The jackal bites you.
You die...

Action                   || total
-------------------------++-------
Melee: Whip              ||    58
       Unarmed           ||     8
       Punch             ||     2
 Stab: Sleeping          ||     1
Armor: Robe              ||    21
Dodge: Dodged            ||    33

Levels and vault maps discovered:
D:1:      tarquinn_simple_flora_water_d, layout_basic,
          hellmonk_ecumenical_altar_lost_god

Notes
Turn   | Place    | Note
-------+----------+-------------------------------------------
     0 | D:1      | zeratav the Naga Transmuter began the quest for the Orb.
     0 | D:1      | Reached XP level 1. HP: 18/18 MP: 3/3
     0 | D:1      | magus.rc [v1.9.6]
   594 | D:1      | Reached XP level 2. HP: 9/25 MP: 5/5
   961 | D:1      | Found a faded altar of an unknown god.
  1051 | D:1      | HP: 6/25 [jackal (3)]
  1053 | D:1      | HP: 1/25 [jackal (2)]
  1055 | D:1      | Slain by a jackal

Vanquished Creatures
  2 endoplasms (D:1)
  A giant cockroach (D:1)
  A goblin (D:1)
  A hobgoblin (D:1)
  2 jackals (D:1)
  A bat (D:1)
  2 kobolds (D:1)
  3 rats (D:1)
13 creatures vanquished.

Table legend:
 A = Non-vault XP
 B = Vault XP
 C = Vault XP percentage of total XP
 D = Non-vault monster count
 E = Vault monster count
 F = Vault count percentage of total count
                 A         B        C        D         E       F
            +---------+---------+-------+---------+---------+-------
      Total |      21 |       0 |   0.0 |      13 |       0 |   0.0
            +---------+---------+-------+---------+---------+-------
        D:1 |      21 |       0 |   0.0 |      13 |       0 |   0.0
            +---------+---------+-------+---------+---------+-------

Illustrated notes

Table legend:
 A = Kills in this place as a percentage of kills in entire the game.
 B = Kills by you in this place as a percentage of kills by you in the entire game.
 C = Kills by friends in this place as a percentage of kills by friends in the entire game.
 D = Other kills in this place as a percentage of other kills in the entire game.
 E = Experience gained in this place as a percentage of experience gained in the entire game.
 F = Experience gained in this place divided by the number of levels of this place that you have seen.
                   A       B       C       D       E      F
               +-------+-------+-------+-------+-------+----------------------
         Total | 100.0 | 100.0 |   N/A |   N/A | 100.0 |  21.0
       Dungeon | 100.0 | 100.0 |   N/A |   N/A | 100.0 |  21.0
               +-------+-------+-------+-------+-------+----------------------

Table legend: (Time is in decaauts)
 A = Elapsed time spent in this place.
 B = Non-inter-level travel time spent in this place.
 C = Inter-level travel time spent in this place.
 D = Time resting spent in this place.
 E = Time spent auto-exploring this place.
 F = Levels seen in this place.
 G = Mean time per level.
                   A        B        C        D        E       F      G
               +--------+--------+--------+--------+--------+-----+--------+
         Total |   1164 |   1164 |      0 |    494 |    508 |   1 | 1164.0 |
       Dungeon |   1164 |   1164 |      0 |    494 |    508 |   1 | 1164.0 |
               +--------+--------+--------+--------+--------+-----+--------+

Top non-repeatable levels by time:
     D:1: 1164 daAuts
